[ AOE2 MATCH · #473077509 ]
UnrankedItalians vs Wu
[ REPLAY ANALYSIS · EXTRACTED FROM THE RECORDED GAME ]
Feudal
12:36
Castle
16:23
Imperial
22:58
| APM avg | 30.0 |
| APM peak | 68 |
| eAPM avg | 14.3 |
| Villagers / military | 79 / 80 |
Focus
⚔️ 40.6% · 🌾 59.4%
Genoese Crossbowman ×49 · Spearman ×23 · Unknown (882) ×14 · Trebuchet (Packed) ×6 · Bombard Cannon ×2
Feudal
10:35
Castle
14:53
Imperial
33:55
| APM avg | 22.5 |
| APM peak | 46 |
| eAPM avg | 13.9 |
| Villagers / military | 106 / 3 |
Focus
⚔️ 26.4% · 🌾 73.6%
Unknown (1968) ×146 · Unknown (1974) ×12 · Unknown (1942) ×9 · Battering Ram ×2 · Mangonel ×1
Feudal
10:38
Castle
14:37
Imperial
—
| APM avg | 45.6 |
| APM peak | 89 |
| eAPM avg | 18.5 |
| Villagers / military | 83 / 88 |
Focus
⚔️ 21.3% · 🌾 78.7%
Scorpion ×57 · Battering Ram ×31
Feudal
8:53
Castle
20:09
Imperial
39:39
| APM avg | 41.2 |
| APM peak | 69 |
| eAPM avg | 23.3 |
| Villagers / military | 144 / 219 |
Focus
⚔️ 22.7% · 🌾 77.3%
Steppe Lancer ×192 · Battering Ram ×26 · Mangonel ×1
Feudal
10:48
Castle
14:32
Imperial
41:55
| APM avg | 61.3 |
| APM peak | 139 |
| eAPM avg | 15.6 |
| Villagers / military | 63 / 61 |
Focus
⚔️ 21.3% · 🌾 78.7%
Conquistador ×46 · Knight ×11 · Petard ×4
Feudal
10:50
Castle
19:17
Imperial
—
| APM avg | 31.4 |
| APM peak | 71 |
| eAPM avg | 21.0 |
| Villagers / military | 130 / 116 |
Focus
⚔️ 23.2% · 🌾 76.8%
Skirmisher ×49 · Cavalry Archer ×41 · Magyar Huszar ×23 · Scout Cavalry ×3
Feudal
10:59
Castle
14:34
Imperial
—
| APM avg | 28.1 |
| APM peak | 57 |
| eAPM avg | 17.2 |
| Villagers / military | 122 / 46 |
Focus
⚔️ 24.9% · 🌾 75.1%
Rattan Archer ×38 · Monk ×5 · Mangonel ×2 · Scorpion ×1
Feudal
11:08
Castle
15:12
Imperial
—
| APM avg | 21.0 |
| APM peak | 59 |
| eAPM avg | 14.4 |
| Villagers / military | 95 / 28 |
Focus
⚔️ 21.9% · 🌾 78.1%
Spearman ×23 · Armored Elephant ×2 · Monk ×1 · Militia ×1 · Scorpion ×1
Match map
Initial resources + every placement click. Lines = walls · curves = elevation contours. ◆ gold · ⬟ stone · ● berries · ✦ relic · ◌ wall gap
Your base· ✓ Closed at 16:23 · 0t walls · 2 gate(s)
Cenute (aoetm.eu)'s base· ✓ Closed at 14:53 · 0t walls · 3 gate(s)
ALI's base· ✓ Closed at 14:37 · 0t walls · 2 gate(s)
Spartacus's base· ✓ Closed at 20:09 · 1t walls · 3 gate(s)
飛越集賢樓's base· ✓ Closed at 14:32 · 0t walls · 3 gate(s)
Scroll Lock's base· ✓ Closed at 19:17 · 0t walls · 3 gate(s)
Voskarius's base· ✓ Closed at 14:34 · 0t walls · 2 gate(s)
SEIYU's base· ✓ Closed at 15:12 · 0t walls · 3 gate(s)
Smoothed initial terrain · ◌ = detected wall gap · hover for details
Inputs per minute
— 精銳闇魔陰帝 - - Cenute (aoetm.eu)
Build order — 精銳闇魔陰帝
First 150 of 284 actions detected
| 0:01 | Create | Villager (Male) |
| 0:02 | Create | Villager (Male) |
| 0:02 | Create | Villager (Male) |
| 0:02 | Create | Villager (Male) |
| 0:02 | Create | Villager (Male) |
| 0:03 | Create | Villager (Male) |
| 0:04 | Build | House |
| 0:06 | Build | House |
| 1:25 | Build | Lumber Camp |
| 1:27 | Create | Villager (Male) |
| 1:27 | Create | Villager (Male) |
| 1:27 | Create | Villager (Male) |
| 2:03 | Create | Villager (Male) |
| 2:03 | Create | Villager (Male) |
| 2:27 | Create | Villager (Male) |
| 2:27 | Create | Villager (Male) |
| 2:27 | Create | Villager (Male) |
| 2:57 | Create | Villager (Male) |
| 2:58 | Create | Villager (Male) |
| 3:28 | Build | House |
| 3:29 | Build | House |
| 3:32 | Build | House |
| 3:36 | Create | Villager (Male) |
| 3:37 | Create | Villager (Male) |
| 3:37 | Create | Villager (Male) |
| 3:53 | Create | Villager (Male) |
| 3:53 | Create | Villager (Male) |
| 3:53 | Create | Villager (Male) |
| 4:10 | Create | Villager (Male) |
| 4:10 | Create | Villager (Male) |
| 4:10 | Create | Villager (Male) |
| 4:54 | Create | Villager (Male) |
| 4:54 | Create | Villager (Male) |
| 5:18 | Research | Loom |
| 5:26 | Create | Villager (Male) |
| 5:26 | Create | Villager (Male) |
| 5:26 | Create | Villager (Male) |
| 5:26 | Create | Villager (Male) |
| 5:26 | Create | Villager (Male) |
| 6:11 | Build | Mill |
| 6:36 | Create | Villager (Male) |
| 6:36 | Create | Villager (Male) |
| 6:37 | Create | Villager (Male) |
| 6:37 | Create | Villager (Male) |
| 6:37 | Create | Villager (Male) |
| 6:37 | Create | Villager (Male) |
| 6:49 | Build | Mill |
| 7:19 | Create | Villager (Male) |
| 7:19 | Create | Villager (Male) |
| 7:19 | Create | Villager (Male) |
| 7:36 | Build | Mining Camp |
| 9:19 | Build | Mining Camp |
| 9:24 | Create | Villager (Male) |
| 9:24 | Create | Villager (Male) |
| 9:47 | Research | Feudal Age |
| 9:59 | Build | Farm |
| 10:05 | Build | Farm |
| 10:08 | Build | Farm |
| 10:40 | Create | Villager (Male) |
| 10:40 | Create | Villager (Male) |
| 12:03 | Build | Farm |
| 12:36 | Age | Feudal Age |
| 12:46 | Build | Market |
| 12:56 | Build | House |
| 13:16 | Build | Blacksmith |
| 13:43 | Research | Castle Age |
| 13:43 | Research | Castle Age |
| 13:55 | Research | Horse Collar |
| 14:02 | Research | Double-Bit Axe |
| 14:02 | Research | Double-Bit Axe |
| 14:57 | Create | Villager (Male) |
| 14:57 | Create | Villager (Male) |
| 15:08 | Build | Farm |
| 15:09 | Build | Farm |
| 15:20 | Build | Farm |
| 15:22 | Build | Farm |
| 15:36 | Build | Farm |
| 15:41 | Build | Farm |
| 15:57 | Research | Gold Mining |
| 15:58 | Research | Gold Mining |
| 16:23 | Age | Castle Age |
| 16:48 | Build | University |
| 17:00 | Create | Villager (Male) |
| 17:29 | Create | Villager (Male) |
| 17:36 | Build | Monastery |
| 17:51 | Create | Villager (Male) |
| 18:00 | Create | Villager (Male) |
| 18:43 | Build | House |
| 18:44 | Build | House |
| 18:46 | Build | House |
| 19:24 | Build | House |
| 19:48 | Research | Imperial Age |
| 21:11 | Research | Bow Saw |
| 21:11 | Research | Bow Saw |
| 21:14 | Research | Heavy Plow |
| 21:15 | Research | Heavy Plow |
| 21:20 | Create | Villager (Male) |
| 21:20 | Create | Villager (Male) |
| 22:01 | Build | Castle |
| 22:07 | Build | House |
| 22:11 | Build | House |
| 22:16 | Build | House |
| 22:19 | Build | House |
| 22:26 | Build | House |
| 22:37 | Create | Villager (Male) |
| 22:41 | Research | Ballistics |
| 22:41 | Research | Ballistics |
| 22:45 | Research | Fletching |
| 22:45 | Research | Fletching |
| 22:55 | Create | Villager (Male) |
| 22:56 | Create | Villager (Male) |
| 22:58 | Age | Imperial Age |
| 23:32 | Create | Trebuchet (Packed) |
| 23:42 | Create | Genoese Crossbowman |
| 23:43 | Create | Genoese Crossbowman |
| 23:58 | Create | Genoese Crossbowman |
| 24:39 | Build | Farm |
| 24:39 | Build | Farm |
| 24:50 | Create | Villager (Male) |
| 24:51 | Create | Villager (Male) |
| 24:52 | Create | Villager (Male) |
| 24:53 | Create | Villager (Male) |
| 24:58 | Build | Lumber Camp |
| 25:30 | Create | Villager (Male) |
| 25:39 | Create | Villager (Male) |
| 25:39 | Create | Villager (Male) |
| 25:40 | Create | Villager (Male) |
| 25:45 | Create | Trebuchet (Packed) |
| 26:02 | Create | Villager (Male) |
| 26:02 | Create | Villager (Male) |
| 26:15 | Create | Trebuchet (Packed) |
| 27:01 | Create | Genoese Crossbowman |
| 27:01 | Create | Genoese Crossbowman |
| 27:01 | Create | Genoese Crossbowman |
| 27:01 | Create | Genoese Crossbowman |
| 27:02 | Create | Genoese Crossbowman |
| 27:06 | Research | Bodkin Arrow |
| 27:06 | Research | Padded Archer Armor |
| 27:53 | Create | Genoese Crossbowman |
| 27:53 | Create | Genoese Crossbowman |
| 27:54 | Create | Genoese Crossbowman |
| 27:54 | Create | Genoese Crossbowman |
| 28:25 | Build | Barracks |
| 28:45 | Create | Genoese Crossbowman |
| 28:45 | Create | Genoese Crossbowman |
| 29:17 | Create | Unit 882 |
| 29:17 | Create | Unit 882 |
| 29:17 | Create | Unit 882 |
| 29:28 | Create | Genoese Crossbowman |
| 29:28 | Create | Genoese Crossbowman |
Build order — Cenute (aoetm.eu)
First 150 of 315 actions detected
| 0:00 | Create | Villager (Male) |
| 0:03 | Build | House |
| 0:05 | Build | House |
| 0:13 | Create | Villager (Male) |
| 0:28 | Create | Villager (Male) |
| 0:50 | Create | Villager (Male) |
| 1:23 | Create | Villager (Male) |
| 1:53 | Create | Villager (Male) |
| 2:10 | Build | Lumber Camp |
| 2:18 | Create | Villager (Male) |
| 2:52 | Create | Villager (Male) |
| 3:15 | Create | Villager (Male) |
| 3:36 | Create | Villager (Male) |
| 4:02 | Build | House |
| 4:06 | Create | Villager (Male) |
| 4:22 | Build | Mill |
| 4:29 | Create | Villager (Male) |
| 4:47 | Create | Villager (Male) |
| 5:05 | Build | House |
| 5:15 | Create | Villager (Male) |
| 5:39 | Create | Villager (Male) |
| 5:58 | Create | Villager (Male) |
| 6:19 | Build | Farm |
| 6:19 | Build | Farm |
| 6:25 | Create | Villager (Male) |
| 6:58 | Create | Villager (Male) |
| 7:14 | Build | Mining Camp |
| 7:17 | Create | Villager (Male) |
| 7:42 | Create | Villager (Male) |
| 8:25 | Research | Feudal Age |
| 8:50 | Build | House |
| 10:23 | Create | Villager (Male) |
| 10:24 | Create | Villager (Male) |
| 10:35 | Age | Feudal Age |
| 10:38 | Build | Market |
| 10:44 | Build | Blacksmith |
| 11:22 | Build | House |
| 11:27 | Build | House |
| 11:31 | Create | Villager (Male) |
| 12:13 | Research | Castle Age |
| 12:20 | Build | Barracks |
| 12:54 | Research | Double-Bit Axe |
| 13:36 | Build | House |
| 13:40 | Research | Horse Collar |
| 14:16 | Create | Villager (Male) |
| 14:18 | Create | Villager (Male) |
| 14:53 | Age | Castle Age |
| 14:54 | Build | Town Center |
| 15:05 | Build | Archery Range |
| 15:07 | Create | Villager (Male) |
| 15:14 | Research | Bow Saw |
| 15:19 | Research | Wheelbarrow |
| 15:49 | Build | Farm |
| 16:05 | Create | Villager (Male) |
| 16:16 | Create | Villager (Male) |
| 16:18 | Create | Villager (Male) |
| 16:26 | Build | Farm |
| 16:26 | Build | Farm |
| 16:26 | Build | Farm |
| 16:27 | Build | Farm |
| 16:28 | Build | Farm |
| 16:30 | Build | Farm |
| 16:31 | Build | Farm |
| 16:31 | Build | Farm |
| 16:31 | Build | Farm |
| 16:32 | Build | Farm |
| 16:58 | Build | Farm |
| 16:58 | Build | Farm |
| 16:58 | Build | Farm |
| 16:58 | Build | Farm |
| 17:06 | Create | Villager (Male) |
| 17:06 | Create | Villager (Male) |
| 17:19 | Create | Villager (Male) |
| 17:40 | Build | Town Center |
| 17:42 | Create | Villager (Male) |
| 17:48 | Create | Unit 1974 |
| 17:48 | Create | Unit 1974 |
| 18:05 | Create | Unit 1974 |
| 18:07 | Create | Villager (Male) |
| 18:26 | Create | Villager (Male) |
| 18:29 | Build | Farm |
| 18:30 | Build | Farm |
| 18:30 | Build | Farm |
| 18:30 | Build | Farm |
| 18:35 | Create | Villager (Male) |
| 18:44 | Create | Villager (Male) |
| 19:01 | Create | Villager (Male) |
| 19:02 | Create | Villager (Male) |
| 19:08 | Build | Farm |
| 19:08 | Build | Farm |
| 19:13 | Build | Mill |
| 19:16 | Create | Villager (Male) |
| 19:34 | Create | Villager (Male) |
| 19:35 | Create | Villager (Male) |
| 19:41 | Create | Villager (Male) |
| 19:51 | Create | Villager (Male) |
| 20:07 | Create | Unit 1974 ×2 |
| 20:08 | Create | Unit 1974 ×2 |
| 20:21 | Research | Squires |
| 20:25 | Create | Villager (Male) |
| 20:36 | Create | Unit 1974 ×3 |
| 20:39 | Create | Villager (Male) |
| 21:07 | Create | Villager (Male) |
| 21:08 | Create | Villager (Male) |
| 21:10 | Create | Villager (Male) |
| 21:13 | Create | Villager (Male) |
| 21:18 | Build | Mill |
| 21:19 | Build | Farm |
| 21:19 | Build | Farm |
| 21:19 | Build | Farm |
| 21:20 | Build | Farm |
| 21:20 | Build | Farm |
| 21:20 | Build | Farm |
| 21:23 | Build | Farm |
| 21:23 | Build | Farm |
| 21:23 | Build | Farm |
| 21:24 | Build | Farm |
| 21:24 | Build | Farm |
| 21:24 | Build | Farm |
| 21:25 | Create | Villager (Male) |
| 21:48 | Create | Villager (Male) |
| 21:49 | Create | Villager (Male) |
| 21:55 | Build | House |
| 21:55 | Build | House |
| 21:56 | Build | House |
| 21:56 | Build | House |
| 21:56 | Build | House |
| 21:57 | Build | House |
| 21:57 | Build | House |
| 22:28 | Create | Villager (Male) |
| 22:29 | Create | Villager (Male) |
| 22:44 | Create | Villager (Male) |
| 22:50 | Build | Castle |
| 22:57 | Create | Villager (Male) |
| 22:58 | Create | Villager (Male) |
| 22:59 | Create | Villager (Male) |
| 23:00 | Create | Villager (Male) |
| 23:03 | Build | House |
| 23:03 | Build | House |
| 23:03 | Build | House |
| 23:04 | Build | House |
| 23:07 | Build | Farm |
| 23:07 | Build | Farm |
| 23:07 | Build | Farm |
| 23:08 | Build | Farm |
| 23:10 | Build | Farm |
| 23:13 | Create | Villager (Male) |
| 23:31 | Research | Heavy Plow |
| 23:32 | Create | Villager (Male) |
| 23:40 | Create | Villager (Male) |
Build order — ALI
First 150 of 221 actions detected
| 0:02 | Build | House |
| 0:04 | Build | House |
| 0:06 | Create | Villager (Male) |
| 0:06 | Create | Villager (Male) |
| 0:07 | Create | Villager (Male) |
| 0:07 | Create | Villager (Male) |
| 1:35 | Create | Villager (Male) |
| 1:58 | Create | Villager (Male) |
| 2:21 | Create | Villager (Male) |
| 2:39 | Create | Villager (Male) |
| 2:43 | Build | Lumber Camp |
| 3:06 | Create | Villager (Male) |
| 3:06 | Create | Villager (Male) |
| 3:35 | Create | Villager (Male) |
| 4:05 | Build | House |
| 4:06 | Create | Villager (Male) |
| 4:44 | Create | Villager (Male) |
| 4:44 | Create | Villager (Male) |
| 4:53 | Build | Mill |
| 5:25 | Create | Villager (Male) |
| 5:25 | Create | Villager (Male) |
| 5:25 | Create | Villager (Male) |
| 5:32 | Create | Villager (Male) |
| 6:02 | Build | House |
| 6:13 | Create | Villager (Male) |
| 6:13 | Create | Villager (Male) |
| 6:22 | Build | Mill |
| 6:32 | Create | Villager (Male) |
| 7:00 | Create | Villager (Male) |
| 7:00 | Create | Villager (Male) |
| 7:02 | Build | Farm |
| 7:03 | Create | Villager (Male) |
| 7:04 | Create | Villager (Male) |
| 7:25 | Create | Villager (Male) |
| 7:51 | Build | Mining Camp |
| 7:59 | Build | Farm |
| 8:28 | Research | Feudal Age |
| 8:28 | Research | Feudal Age |
| 8:57 | Create | Villager (Male) |
| 9:53 | Create | Villager (Male) |
| 10:38 | Age | Feudal Age |
| 10:45 | Build | Market |
| 11:25 | Build | Blacksmith |
| 11:51 | Build | House |
| 11:58 | Research | Castle Age |
| 12:15 | Research | Double-Bit Axe |
| 12:20 | Build | Farm |
| 13:59 | Research | Loom |
| 14:14 | Build | Farm |
| 14:37 | Age | Castle Age |
| 14:58 | Research | Bow Saw |
| 15:00 | Create | Villager (Male) |
| 15:00 | Create | Villager (Male) |
| 15:04 | Build | House |
| 15:23 | Build | Siege Workshop |
| 15:31 | Build | Siege Workshop |
| 15:37 | Build | Lumber Camp |
| 15:39 | Create | Villager (Male) |
| 15:40 | Create | Villager (Male) |
| 15:40 | Create | Villager (Male) |
| 15:43 | Build | House |
| 15:56 | Create | Battering Ram |
| 16:00 | Create | Villager (Male) |
| 16:01 | Create | Villager (Male) |
| 16:01 | Create | Villager (Male) |
| 16:01 | Create | Villager (Male) |
| 16:09 | Create | Villager (Male) |
| 16:22 | Create | Battering Ram |
| 16:51 | Create | Battering Ram |
| 16:51 | Create | Battering Ram |
| 16:56 | Create | Villager (Male) |
| 16:56 | Create | Villager (Male) |
| 17:21 | Create | Battering Ram |
| 17:34 | Create | Villager (Male) |
| 17:38 | Build | House |
| 17:41 | Create | Villager (Male) |
| 17:41 | Create | Villager (Male) |
| 17:48 | Create | Battering Ram |
| 17:48 | Create | Battering Ram |
| 17:59 | Create | Villager (Male) |
| 18:00 | Create | Villager (Male) |
| 18:01 | Create | Villager (Male) |
| 18:02 | Create | Villager (Male) |
| 18:10 | Build | House |
| 18:12 | Create | Battering Ram |
| 18:13 | Create | Battering Ram |
| 18:17 | Create | Villager (Male) |
| 18:17 | Create | Villager (Male) |
| 18:33 | Create | Battering Ram |
| 18:33 | Create | Battering Ram |
| 18:34 | Create | Villager (Male) |
| 18:41 | Build | House |
| 18:57 | Create | Battering Ram |
| 18:57 | Create | Battering Ram |
| 19:20 | Create | Battering Ram |
| 19:20 | Create | Battering Ram |
| 19:24 | Create | Villager (Male) |
| 19:27 | Build | House |
| 19:37 | Create | Villager (Male) |
| 19:38 | Create | Villager (Male) |
| 19:40 | Create | Battering Ram |
| 19:40 | Create | Battering Ram |
| 20:31 | Create | Scorpion ×3 |
| 20:31 | Create | Scorpion ×3 |
| 20:49 | Build | House |
| 20:51 | Create | Villager (Male) |
| 20:52 | Create | Villager (Male) |
| 20:52 | Create | Villager (Male) |
| 20:55 | Build | Lumber Camp |
| 20:58 | Create | Scorpion |
| 20:59 | Create | Scorpion |
| 22:02 | Create | Scorpion ×2 |
| 22:03 | Create | Scorpion ×2 |
| 22:13 | Create | Villager (Male) |
| 22:17 | Build | Mining Camp |
| 22:20 | Create | Scorpion |
| 22:41 | Create | Scorpion |
| 22:41 | Create | Scorpion |
| 23:02 | Create | Scorpion |
| 23:02 | Create | Scorpion |
| 23:05 | Build | House |
| 23:47 | Build | Siege Workshop |
| 23:48 | Create | Villager (Male) |
| 23:55 | Build | Farm |
| 23:56 | Build | Farm |
| 23:56 | Build | Farm |
| 23:59 | Create | Battering Ram ×2 |
| 23:59 | Create | Battering Ram ×2 |
| 24:33 | Create | Villager (Male) |
| 24:35 | Build | Farm |
| 24:36 | Build | Farm |
| 25:07 | Create | Scorpion ×3 |
| 25:07 | Create | Scorpion ×3 |
| 25:25 | Build | Siege Workshop |
| 25:40 | Build | Siege Workshop |
| 25:43 | Create | Villager (Male) |
| 25:43 | Create | Villager (Male) |
| 25:45 | Build | Farm |
| 25:45 | Build | Farm |
| 25:48 | Build | House |
| 25:58 | Create | Battering Ram ×2 |
| 25:58 | Create | Battering Ram ×2 |
| 26:07 | Create | Villager (Male) |
| 26:07 | Create | Villager (Male) |
| 26:12 | Build | House |
| 26:12 | Build | House |
| 26:19 | Build | Lumber Camp |
| 26:41 | Create | Battering Ram |
| 26:41 | Create | Battering Ram |
| 26:43 | Create | Villager (Male) |
Build order — Spartacus
First 150 of 383 actions detected
| 0:01 | Create | Villager (Male) |
| 0:01 | Create | Villager (Male) |
| 0:01 | Create | Villager (Male) |
| 0:03 | Build | House |
| 0:06 | Build | House |
| 0:13 | Create | Villager (Male) |
| 1:41 | Create | Villager (Male) |
| 1:49 | Create | Villager (Male) |
| 2:15 | Build | Lumber Camp |
| 2:24 | Create | Villager (Male) |
| 2:56 | Create | Villager (Male) |
| 2:56 | Create | Villager (Male) |
| 3:34 | Create | Villager (Male) |
| 3:43 | Build | House |
| 3:50 | Create | Villager (Male) |
| 3:58 | Build | House |
| 4:34 | Create | Villager (Male) |
| 5:01 | Create | Villager (Male) |
| 5:24 | Create | Villager (Male) |
| 5:25 | Create | Villager (Male) |
| 5:28 | Build | Mill |
| 5:31 | Create | Villager (Male) |
| 5:32 | Create | Villager (Male) |
| 5:36 | Create | Villager (Male) |
| 6:43 | Research | Feudal Age |
| 8:53 | Age | Feudal Age |
| 8:56 | Build | Town Center |
| 8:56 | Create | Villager (Male) |
| 9:00 | Create | Villager (Male) |
| 9:05 | Research | Double-Bit Axe |
| 9:24 | Create | Villager (Male) |
| 9:30 | Research | Horse Collar |
| 10:02 | Build | House |
| 10:04 | Build | House |
| 10:18 | Create | Villager (Male) |
| 10:19 | Create | Villager (Male) |
| 10:33 | Build | House |
| 10:35 | Build | House |
| 10:41 | Create | Villager (Male) |
| 10:42 | Create | Villager (Male) |
| 10:47 | Build | Farm |
| 10:51 | Create | Villager (Male) |
| 10:52 | Create | Villager (Male) |
| 11:03 | Build | Farm |
| 11:05 | Create | Villager (Male) |
| 11:11 | Create | Villager (Male) |
| 11:23 | Create | Villager (Male) |
| 11:24 | Create | Villager (Male) |
| 11:29 | Build | House |
| 11:30 | Build | House |
| 11:32 | Build | House |
| 11:35 | Build | Palisade Wall |
| 11:40 | Create | Villager (Male) |
| 11:46 | Build | Farm |
| 11:51 | Build | Farm |
| 11:56 | Create | Villager (Male) |
| 11:56 | Create | Villager (Male) |
| 12:02 | Build | Farm |
| 12:06 | Build | Farm |
| 12:14 | Build | Farm |
| 12:15 | Create | Villager (Male) |
| 12:29 | Build | House |
| 12:43 | Create | Villager (Male) |
| 12:43 | Create | Villager (Male) |
| 12:50 | Build | House |
| 12:51 | Build | House |
| 12:55 | Create | Villager (Male) |
| 12:55 | Create | Villager (Male) |
| 13:12 | Create | Villager (Male) |
| 13:31 | Create | Villager (Male) |
| 13:31 | Create | Villager (Male) |
| 13:34 | Build | Farm |
| 13:36 | Build | Farm |
| 13:40 | Build | Farm |
| 13:43 | Build | Farm |
| 13:46 | Build | Farm |
| 13:52 | Build | Farm |
| 13:57 | Build | Farm |
| 14:00 | Build | House |
| 14:04 | Build | Blacksmith |
| 14:04 | Create | Villager (Male) |
| 14:05 | Create | Villager (Male) |
| 14:05 | Create | Villager (Male) |
| 14:15 | Build | Farm |
| 14:18 | Build | Farm |
| 14:33 | Create | Villager (Male) |
| 14:49 | Build | Market |
| 14:51 | Build | House |
| 14:52 | Build | House |
| 14:58 | Create | Villager (Male) |
| 15:02 | Build | House |
| 15:04 | Build | House |
| 15:06 | Build | House |
| 15:13 | Build | Palisade Gate |
| 15:29 | Create | Villager (Male) |
| 15:30 | Create | Villager (Male) |
| 15:34 | Build | Farm |
| 15:37 | Build | Farm |
| 15:45 | Build | Mining Camp |
| 15:53 | Build | House |
| 15:55 | Build | House |
| 16:11 | Create | Villager (Male) |
| 16:12 | Create | Villager (Male) |
| 16:12 | Create | Villager (Male) |
| 16:12 | Create | Villager (Male) |
| 16:33 | Build | House |
| 16:34 | Build | House |
| 17:04 | Create | Villager (Male) |
| 17:04 | Create | Villager (Male) |
| 17:05 | Create | Villager (Male) |
| 17:11 | Build | Mining Camp |
| 17:16 | Build | House |
| 17:18 | Build | House |
| 17:22 | Research | Loom |
| 17:25 | Research | Castle Age |
| 17:36 | Create | Villager (Male) |
| 17:36 | Create | Villager (Male) |
| 17:44 | Research | Gold Mining |
| 17:48 | Build | Farm |
| 17:50 | Build | Farm |
| 17:52 | Build | Farm |
| 17:54 | Build | Farm |
| 17:58 | Build | Barracks |
| 18:10 | Build | House |
| 18:12 | Build | House |
| 18:15 | Create | Villager (Male) |
| 18:18 | Research | Forging |
| 18:36 | Build | Siege Workshop |
| 18:47 | Create | Villager (Male) |
| 18:53 | Research | Scale Barding Armor |
| 19:08 | Build | Farm |
| 19:31 | Build | Stable |
| 19:47 | Create | Battering Ram |
| 19:47 | Create | Battering Ram |
| 19:54 | Create | Villager (Male) |
| 19:54 | Create | Villager (Male) |
| 19:54 | Create | Villager (Male) |
| 20:02 | Research | Wheelbarrow |
| 20:09 | Age | Castle Age |
| 20:09 | Create | Battering Ram |
| 20:14 | Build | Siege Workshop |
| 20:18 | Research | Bloodlines |
| 20:18 | Research | Bloodlines |
| 20:21 | Research | Bow Saw |
| 20:21 | Research | Heavy Plow |
| 20:46 | Build | Stable |
| 20:48 | Create | Villager (Male) |
| 20:48 | Create | Villager (Male) |
| 20:54 | Research | Capped Ram (upgrade) |
| 20:54 | Research | Capped Ram (upgrade) |
Build order — 飛越集賢樓
First 150 of 217 actions detected
| 0:02 | Create | Villager (Male) |
| 0:02 | Create | Villager (Male) |
| 0:03 | Build | House |
| 0:05 | Build | House |
| 0:16 | Create | Villager (Male) |
| 0:16 | Create | Villager (Male) |
| 1:24 | Create | Villager (Male) |
| 1:51 | Create | Villager (Male) |
| 2:17 | Build | Lumber Camp |
| 2:29 | Create | Villager (Male) |
| 2:29 | Create | Villager (Male) |
| 3:07 | Create | Villager (Male) |
| 3:43 | Build | House |
| 3:52 | Create | Villager (Male) |
| 3:52 | Create | Villager (Male) |
| 3:54 | Create | Villager (Male) |
| 3:54 | Create | Villager (Male) |
| 4:31 | Build | Mill |
| 4:33 | Create | Villager (Male) |
| 5:19 | Create | Villager (Male) |
| 5:19 | Create | Villager (Male) |
| 5:45 | Build | Mill |
| 5:59 | Create | Villager (Male) |
| 6:00 | Create | Villager (Male) |
| 6:32 | Build | House |
| 7:45 | Build | Mining Camp |
| 7:48 | Create | Villager (Male) |
| 7:48 | Create | Villager (Male) |
| 7:48 | Create | Villager (Male) |
| 8:31 | Research | Feudal Age |
| 8:44 | Build | Mining Camp |
| 9:26 | Create | Villager (Male) |
| 9:26 | Create | Villager (Male) |
| 10:48 | Age | Feudal Age |
| 11:00 | Build | Market |
| 11:29 | Build | Blacksmith |
| 11:52 | Research | Castle Age |
| 11:56 | Research | Double-Bit Axe |
| 11:56 | Research | Double-Bit Axe |
| 12:53 | Build | House |
| 12:56 | Build | Farm |
| 14:32 | Age | Castle Age |
| 14:58 | Research | Loom |
| 15:02 | Create | Villager (Male) |
| 15:04 | Create | Villager (Male) |
| 15:12 | Build | House |
| 15:24 | Research | Horse Collar |
| 15:26 | Create | Villager (Male) |
| 15:33 | Build | Farm |
| 15:40 | Build | Castle |
| 16:05 | Build | Farm |
| 16:13 | Create | Villager (Male) |
| 16:17 | Build | Farm |
| 16:24 | Build | Farm |
| 16:32 | Create | Conquistador |
| 16:32 | Create | Conquistador |
| 16:47 | Create | Conquistador |
| 16:57 | Build | Farm |
| 16:58 | Build | Farm |
| 17:13 | Build | Mining Camp |
| 17:36 | Create | Villager (Male) |
| 17:36 | Create | Villager (Male) |
| 17:40 | Build | Farm |
| 17:45 | Build | Farm |
| 17:57 | Create | Petard |
| 18:15 | Build | Farm |
| 18:19 | Create | Petard |
| 18:40 | Create | Conquistador |
| 18:42 | Create | Villager (Male) |
| 18:42 | Create | Villager (Male) |
| 18:48 | Build | Farm |
| 19:02 | Create | Conquistador |
| 20:30 | Create | Conquistador |
| 20:30 | Create | Conquistador |
| 20:30 | Create | Conquistador |
| 20:30 | Create | Conquistador |
| 20:59 | Create | Conquistador |
| 22:19 | Create | Conquistador |
| 22:19 | Create | Conquistador |
| 22:58 | Create | Villager (Male) |
| 22:58 | Create | Villager (Male) |
| 23:01 | Build | Barracks |
| 23:04 | Create | Conquistador |
| 23:05 | Create | Conquistador |
| 23:38 | Create | Petard |
| 23:38 | Create | Petard |
| 23:46 | Create | Conquistador |
| 23:46 | Create | Conquistador |
| 23:47 | Research | Padded Archer Armor |
| 23:52 | Build | Farm |
| 23:53 | Build | Farm |
| 23:57 | Build | Town Center |
| 24:02 | Create | Villager (Male) |
| 24:36 | Create | Conquistador |
| 24:37 | Create | Conquistador |
| 24:45 | Build | Stable |
| 24:54 | Create | Villager (Male) |
| 25:48 | Create | Conquistador |
| 25:48 | Create | Conquistador |
| 25:56 | Create | Villager (Male) |
| 25:56 | Create | Villager (Male) |
| 25:57 | Create | Villager (Male) |
| 26:00 | Create | Villager (Male) |
| 26:03 | Build | Farm |
| 26:03 | Build | Farm |
| 26:03 | Build | Farm |
| 26:03 | Build | Farm |
| 26:36 | Create | Conquistador |
| 26:36 | Create | Conquistador |
| 26:44 | Create | Villager (Male) |
| 26:54 | Build | Farm |
| 26:55 | Build | Farm |
| 27:06 | Research | Heavy Plow |
| 27:09 | Research | Leather Archer Armor |
| 27:11 | Research | Bloodlines |
| 27:14 | Create | Villager (Male) |
| 27:14 | Create | Villager (Male) |
| 27:17 | Create | Villager (Male) |
| 27:24 | Build | Farm |
| 27:25 | Build | Farm |
| 27:48 | Create | Conquistador |
| 27:48 | Create | Conquistador |
| 27:53 | Build | House |
| 27:53 | Build | House |
| 27:53 | Build | House |
| 27:54 | Build | House |
| 28:03 | Create | Villager (Male) |
| 28:03 | Create | Villager (Male) |
| 28:16 | Research | Wheelbarrow |
| 28:18 | Create | Villager (Male) |
| 29:18 | Create | Conquistador |
| 29:18 | Create | Conquistador |
| 29:19 | Create | Conquistador |
| 29:48 | Create | Conquistador |
| 29:49 | Create | Conquistador |
| 30:18 | Create | Conquistador |
| 30:18 | Create | Conquistador |
| 30:19 | Create | Conquistador |
| 30:53 | Create | Conquistador |
| 30:53 | Create | Conquistador |
| 30:53 | Create | Conquistador |
| 31:02 | Create | Villager (Male) |
| 31:03 | Build | Farm |
| 31:05 | Build | Farm |
| 31:07 | Create | Villager (Male) |
| 31:07 | Create | Villager (Male) |
| 31:07 | Create | Villager (Male) |
| 31:08 | Create | Villager (Male) |
| 31:17 | Research | Gold Mining |
| 32:02 | Build | Monastery |
Build order — Scroll Lock
First 150 of 398 actions detected
| 0:04 | Build | House |
| 0:06 | Build | House |
| 0:08 | Create | Villager (Male) ×4 |
| 1:33 | Create | Villager (Male) |
| 1:34 | Create | Villager (Male) |
| 1:34 | Create | Villager (Male) |
| 2:01 | Build | Lumber Camp |
| 2:06 | Create | Villager (Male) |
| 2:27 | Create | Villager (Male) |
| 2:57 | Build | House |
| 2:59 | Create | Villager (Male) |
| 3:00 | Create | Villager (Male) |
| 3:00 | Create | Villager (Male) |
| 3:03 | Create | Villager (Male) |
| 3:11 | Build | House |
| 3:52 | Create | Villager (Male) |
| 3:53 | Create | Villager (Male) |
| 4:18 | Create | Villager (Male) |
| 4:52 | Build | Mill |
| 4:53 | Create | Villager (Male) |
| 4:54 | Create | Villager (Male) |
| 5:13 | Create | Villager (Male) |
| 5:50 | Create | Villager (Male) |
| 6:33 | Build | Mining Camp |
| 6:35 | Create | Villager (Male) |
| 6:37 | Create | Villager (Male) |
| 6:37 | Create | Villager (Male) |
| 7:18 | Create | Villager (Male) |
| 7:24 | Build | Mining Camp |
| 8:06 | Research | Loom |
| 8:25 | Research | Feudal Age |
| 8:50 | Build | Barracks |
| 9:13 | Build | House |
| 9:34 | Create | Villager (Male) |
| 9:35 | Create | Villager (Male) |
| 10:36 | Create | Villager (Male) |
| 10:36 | Create | Villager (Male) |
| 10:50 | Age | Feudal Age |
| 10:52 | Build | Stable |
| 11:00 | Research | Double-Bit Axe |
| 11:00 | Research | Double-Bit Axe |
| 11:01 | Research | Double-Bit Axe |
| 11:12 | Build | House |
| 11:53 | Create | Scout Cavalry |
| 11:53 | Create | Scout Cavalry |
| 12:01 | Build | Farm |
| 12:30 | Build | Farm |
| 12:33 | Build | Farm |
| 13:14 | Build | Blacksmith |
| 13:22 | Create | Villager (Male) |
| 13:22 | Create | Villager (Male) |
| 14:10 | Build | Archery Range |
| 14:17 | Create | Scout Cavalry |
| 14:18 | Create | Villager (Male) |
| 14:33 | Build | House |
| 14:34 | Build | House |
| 16:20 | Build | Farm |
| 16:20 | Build | Farm |
| 16:26 | Build | Farm |
| 16:26 | Build | Farm |
| 16:37 | Research | Castle Age |
| 16:37 | Research | Castle Age |
| 16:45 | Research | Horse Collar |
| 16:45 | Research | Horse Collar |
| 17:34 | Build | Archery Range |
| 17:57 | Research | Wheelbarrow |
| 19:17 | Age | Castle Age |
| 19:23 | Build | Castle |
| 19:30 | Build | Town Center |
| 19:50 | Build | Town Center |
| 20:07 | Create | Villager (Male) |
| 20:07 | Create | Villager (Male) |
| 20:08 | Create | Villager (Male) |
| 20:55 | Create | Villager (Male) |
| 20:56 | Create | Villager (Male) |
| 20:56 | Create | Villager (Male) |
| 20:56 | Create | Villager (Male) |
| 20:57 | Create | Villager (Male) |
| 21:03 | Research | Husbandry |
| 21:09 | Build | Farm |
| 21:09 | Build | Farm |
| 21:09 | Build | Farm |
| 21:09 | Build | Farm |
| 21:40 | Build | Farm |
| 21:42 | Create | Magyar Huszar |
| 21:42 | Create | Magyar Huszar |
| 21:42 | Create | Magyar Huszar |
| 21:42 | Create | Magyar Huszar |
| 21:43 | Create | Magyar Huszar |
| 22:03 | Create | Villager (Male) |
| 22:03 | Create | Villager (Male) |
| 22:04 | Create | Villager (Male) |
| 22:08 | Build | Farm |
| 22:09 | Build | Farm |
| 22:09 | Build | Farm |
| 22:13 | Build | Farm |
| 22:35 | Create | Villager (Male) |
| 22:35 | Create | Villager (Male) |
| 22:35 | Create | Villager (Male) |
| 22:36 | Create | Villager (Male) |
| 22:59 | Create | Villager (Male) |
| 23:00 | Create | Villager (Male) |
| 23:25 | Build | Farm |
| 23:25 | Build | Farm |
| 23:25 | Build | Farm |
| 23:26 | Build | Farm |
| 23:26 | Build | Farm |
| 23:26 | Build | Farm |
| 23:26 | Build | Farm |
| 23:27 | Build | Farm |
| 23:27 | Build | Farm |
| 23:30 | Create | Villager (Male) |
| 23:30 | Create | Villager (Male) |
| 23:30 | Create | Villager (Male) |
| 23:31 | Create | Villager (Male) |
| 23:51 | Create | Villager (Male) |
| 23:51 | Create | Villager (Male) |
| 23:51 | Create | Villager (Male) |
| 23:57 | Build | Farm |
| 23:57 | Build | Farm |
| 24:01 | Build | Farm |
| 24:19 | Create | Villager (Male) |
| 24:19 | Create | Villager (Male) |
| 24:19 | Create | Villager (Male) |
| 24:19 | Create | Villager (Male) |
| 24:20 | Create | Villager (Male) |
| 24:20 | Create | Villager (Male) |
| 24:23 | Build | Farm |
| 24:23 | Build | Farm |
| 24:34 | Create | Villager (Male) |
| 24:35 | Create | Villager (Male) |
| 24:35 | Create | Villager (Male) |
| 24:35 | Create | Villager (Male) |
| 24:35 | Create | Villager (Male) |
| 24:54 | Create | Villager (Male) |
| 24:54 | Create | Villager (Male) |
| 24:55 | Create | Villager (Male) |
| 25:03 | Research | Bow Saw |
| 25:03 | Research | Bow Saw |
| 25:06 | Build | Farm |
| 25:07 | Build | Farm |
| 25:25 | Create | Magyar Huszar |
| 25:25 | Create | Magyar Huszar |
| 25:26 | Create | Magyar Huszar |
| 25:37 | Create | Villager (Male) |
| 25:37 | Create | Villager (Male) |
| 25:37 | Create | Villager (Male) |
| 25:38 | Create | Villager (Male) |
| 25:40 | Create | Magyar Huszar |
| 26:03 | Research | Scale Barding Armor |
Build order — Voskarius
First 150 of 270 actions detected
| 0:02 | Create | Villager (Male) ×4 |
| 0:04 | Build | House |
| 0:05 | Build | House |
| 1:42 | Create | Villager (Male) |
| 1:49 | Build | Lumber Camp |
| 2:04 | Create | Villager (Male) |
| 2:24 | Create | Villager (Male) |
| 2:53 | Create | Villager (Male) |
| 3:24 | Create | Villager (Male) |
| 3:42 | Create | Villager (Male) |
| 3:51 | Build | House |
| 3:57 | Build | House |
| 4:12 | Create | Villager (Male) |
| 4:14 | Build | Mill |
| 4:29 | Create | Villager (Male) |
| 5:04 | Create | Villager (Male) |
| 5:04 | Create | Villager (Male) |
| 5:04 | Create | Villager (Male) |
| 5:38 | Build | House |
| 6:10 | Create | Villager (Male) |
| 6:11 | Create | Villager (Male) |
| 6:11 | Create | Villager (Male) |
| 6:25 | Build | Mill |
| 6:32 | Create | Villager (Male) |
| 7:02 | Create | Villager (Male) |
| 7:44 | Build | Mining Camp |
| 8:01 | Create | Villager (Male) |
| 8:39 | Research | Feudal Age |
| 9:34 | Build | House |
| 10:30 | Create | Villager (Male) |
| 10:30 | Create | Villager (Male) |
| 10:59 | Age | Feudal Age |
| 11:02 | Build | Market |
| 11:06 | Build | Blacksmith |
| 11:54 | Research | Castle Age |
| 11:54 | Research | Castle Age |
| 11:58 | Build | Mining Camp |
| 12:04 | Research | Double-Bit Axe |
| 12:10 | Research | Horse Collar |
| 12:36 | Build | House |
| 12:37 | Build | House |
| 13:06 | Research | Stone Mining |
| 13:40 | Build | Farm |
| 13:44 | Build | Farm |
| 14:03 | Create | Villager (Male) |
| 14:03 | Create | Villager (Male) |
| 14:26 | Build | Farm |
| 14:29 | Build | Farm |
| 14:34 | Age | Castle Age |
| 14:36 | Build | Town Center |
| 15:04 | Build | Farm |
| 15:27 | Build | Castle |
| 15:30 | Create | Villager (Male) |
| 15:34 | Build | Farm |
| 15:39 | Research | Loom |
| 15:57 | Create | Villager (Male) |
| 16:11 | Build | Farm |
| 16:12 | Build | Farm |
| 16:18 | Build | Farm |
| 16:20 | Build | Farm |
| 16:21 | Create | Villager (Male) |
| 16:45 | Create | Villager (Male) |
| 16:45 | Create | Villager (Male) |
| 16:50 | Build | Stone Wall |
| 16:57 | Build | Stone Wall |
| 17:00 | Create | Villager (Male) |
| 17:04 | Build | Farm |
| 17:06 | Build | Farm |
| 17:11 | Build | Farm |
| 17:14 | Create | Villager (Male) |
| 17:14 | Create | Villager (Male) |
| 17:20 | Build | Stone Wall |
| 17:28 | Create | Villager (Male) |
| 17:28 | Create | Villager (Male) |
| 17:39 | Create | Villager (Male) |
| 17:51 | Create | Villager (Male) |
| 17:57 | Build | Stone Wall |
| 18:00 | Create | Rattan Archer |
| 18:01 | Create | Rattan Archer |
| 18:13 | Build | Farm |
| 18:15 | Build | Farm |
| 18:17 | Research | Fletching |
| 18:29 | Create | Villager (Male) |
| 18:42 | Create | Villager (Male) |
| 18:42 | Create | Villager (Male) |
| 18:48 | Build | Farm |
| 18:54 | Create | Villager (Male) |
| 18:54 | Create | Villager (Male) |
| 19:08 | Create | Villager (Male) |
| 19:19 | Build | Siege Workshop |
| 19:20 | Create | Villager (Male) |
| 19:27 | Create | Rattan Archer |
| 19:41 | Build | Stone Wall |
| 19:44 | Build | Stone Wall |
| 19:55 | Create | Rattan Archer |
| 19:55 | Create | Rattan Archer |
| 20:05 | Build | House |
| 20:27 | Create | Mangonel |
| 20:29 | Create | Villager (Male) |
| 20:47 | Create | Villager (Male) |
| 20:47 | Create | Villager (Male) |
| 21:00 | Build | House |
| 21:02 | Build | Monastery |
| 21:04 | Create | Villager (Male) |
| 21:05 | Create | Villager (Male) |
| 21:19 | Create | Monk |
| 22:32 | Create | Villager (Male) |
| 22:32 | Create | Villager (Male) |
| 22:33 | Create | Villager (Male) |
| 22:43 | Build | Farm |
| 23:12 | Build | Town Center |
| 24:16 | Create | Villager (Male) |
| 24:16 | Create | Villager (Male) |
| 25:10 | Create | Villager (Male) |
| 25:25 | Build | Siege Workshop |
| 25:27 | Create | Villager (Male) |
| 26:08 | Create | Mangonel |
| 26:36 | Create | Villager (Male) |
| 26:36 | Create | Villager (Male) |
| 26:49 | Build | Monastery |
| 26:52 | Create | Villager (Male) |
| 26:56 | Build | Farm |
| 26:56 | Build | Farm |
| 26:57 | Build | Farm |
| 26:57 | Build | Farm |
| 26:57 | Build | Farm |
| 27:15 | Create | Villager (Male) |
| 27:18 | Build | House |
| 27:19 | Build | House |
| 27:19 | Build | House |
| 27:20 | Build | House |
| 27:21 | Build | House |
| 27:26 | Create | Monk |
| 27:40 | Create | Villager (Male) |
| 27:54 | Create | Monk |
| 28:04 | Build | House |
| 28:04 | Build | House |
| 28:06 | Create | Villager (Male) |
| 28:06 | Create | Villager (Male) |
| 28:17 | Create | Villager (Male) |
| 28:17 | Create | Villager (Male) |
| 28:49 | Create | Monk |
| 28:49 | Create | Monk |
| 29:06 | Create | Villager (Male) |
| 29:06 | Create | Villager (Male) |
| 29:14 | Research | Town Watch |
| 29:19 | Create | Villager (Male) |
| 29:33 | Create | Scorpion |
| 29:44 | Create | Villager (Male) |
| 29:44 | Create | Villager (Male) |
Build order — SEIYU
First 150 of 228 actions detected
| 0:01 | Create | Villager (Male) |
| 0:02 | Create | Villager (Male) |
| 0:02 | Create | Villager (Male) |
| 0:03 | Build | House |
| 0:05 | Build | House |
| 0:13 | Create | Villager (Male) |
| 1:20 | Create | Villager (Male) |
| 1:46 | Create | Villager (Male) |
| 2:14 | Build | Lumber Camp |
| 2:24 | Create | Villager (Male) |
| 2:24 | Create | Villager (Male) |
| 3:25 | Create | Villager (Male) |
| 3:25 | Create | Villager (Male) |
| 3:25 | Create | Villager (Male) |
| 3:26 | Create | Villager (Male) |
| 3:26 | Create | Villager (Male) |
| 3:47 | Create | Villager (Male) |
| 3:54 | Build | House |
| 4:32 | Build | Mill |
| 5:34 | Build | House |
| 5:38 | Create | Villager (Male) |
| 5:39 | Create | Villager (Male) |
| 5:39 | Create | Villager (Male) |
| 5:39 | Create | Villager (Male) |
| 5:39 | Create | Villager (Male) |
| 5:40 | Create | Villager (Male) |
| 6:24 | Create | Villager (Male) |
| 6:56 | Build | Mill |
| 7:28 | Create | Villager (Male) |
| 7:47 | Build | Mining Camp |
| 8:00 | Research | Feudal Age |
| 8:00 | Research | Feudal Age |
| 9:16 | Build | Farm |
| 10:27 | Build | House |
| 10:49 | Create | Villager (Male) |
| 11:08 | Age | Feudal Age |
| 11:12 | Build | Blacksmith |
| 11:20 | Build | Market |
| 11:37 | Build | Market |
| 11:42 | Create | Villager (Male) |
| 11:46 | Research | Double-Bit Axe |
| 12:06 | Create | Villager (Male) |
| 12:20 | Research | Castle Age |
| 12:38 | Research | Horse Collar |
| 12:44 | Build | House |
| 13:16 | Build | Farm |
| 13:17 | Build | Farm |
| 13:30 | Build | Farm |
| 13:54 | Build | Farm |
| 14:30 | Create | Villager (Male) |
| 14:38 | Build | Farm |
| 15:00 | Create | Villager (Male) |
| 15:12 | Age | Castle Age |
| 15:15 | Build | Town Center |
| 15:24 | Build | Town Center |
| 15:30 | Create | Villager (Male) |
| 15:35 | Research | Bow Saw |
| 15:37 | Research | Heavy Plow |
| 15:53 | Research | Gold Mining |
| 15:53 | Research | Gold Mining |
| 16:24 | Create | Villager (Male) |
| 16:28 | Create | Villager (Male) |
| 16:32 | Build | Farm |
| 16:42 | Create | Villager (Male) |
| 16:42 | Create | Villager (Male) |
| 16:48 | Build | Farm |
| 16:49 | Build | Farm |
| 16:52 | Build | Farm |
| 16:58 | Build | Farm |
| 17:00 | Create | Villager (Male) |
| 17:12 | Build | Farm |
| 17:17 | Create | Villager (Male) |
| 17:17 | Create | Villager (Male) |
| 17:25 | Create | Villager (Male) |
| 17:37 | Create | Villager (Male) |
| 17:51 | Research | Loom |
| 17:56 | Create | Villager (Male) |
| 18:13 | Create | Villager (Male) |
| 18:13 | Create | Villager (Male) |
| 18:35 | Build | Town Center |
| 18:41 | Create | Villager (Male) |
| 18:42 | Create | Villager (Male) |
| 18:58 | Build | University |
| 18:59 | Create | Villager (Male) |
| 19:03 | Build | House |
| 19:22 | Research | Wheelbarrow |
| 19:31 | Build | House |
| 19:41 | Build | Farm |
| 19:41 | Build | Farm |
| 19:41 | Build | Farm |
| 19:41 | Build | Farm |
| 19:42 | Create | Villager (Male) |
| 19:47 | Build | Farm |
| 19:47 | Build | Farm |
| 20:00 | Build | Farm |
| 20:00 | Build | Farm |
| 20:00 | Build | Farm |
| 20:01 | Build | Farm |
| 20:01 | Create | Villager (Male) |
| 20:01 | Create | Villager (Male) |
| 20:04 | Build | House |
| 20:06 | Create | Villager (Male) |
| 20:07 | Create | Villager (Male) |
| 20:09 | Build | Farm |
| 20:23 | Create | Villager (Male) |
| 20:31 | Build | Farm |
| 20:32 | Create | Villager (Male) |
| 20:56 | Build | Monastery |
| 20:57 | Create | Villager (Male) |
| 20:58 | Create | Villager (Male) |
| 20:59 | Create | Villager (Male) |
| 21:01 | Build | Farm |
| 21:01 | Create | Villager (Male) |
| 21:10 | Research | Stone Mining |
| 21:10 | Research | Stone Mining |
| 21:25 | Build | Farm |
| 21:26 | Build | Farm |
| 21:29 | Create | Villager (Male) |
| 21:32 | Build | Farm |
| 21:33 | Create | Villager (Male) |
| 21:33 | Create | Villager (Male) |
| 21:43 | Build | Farm |
| 21:44 | Create | Villager (Male) |
| 21:44 | Create | Villager (Male) |
| 21:47 | Create | Monk |
| 21:52 | Build | House |
| 21:53 | Create | Villager (Male) |
| 21:53 | Create | Villager (Male) |
| 22:00 | Build | Farm |
| 22:03 | Build | Farm |
| 22:05 | Create | Villager (Male) |
| 22:05 | Create | Villager (Male) |
| 22:14 | Create | Villager (Male) |
| 22:22 | Build | Lumber Camp |
| 22:27 | Build | House |
| 22:27 | Create | Villager (Male) |
| 22:27 | Create | Villager (Male) |
| 22:28 | Create | Villager (Male) |
| 22:30 | Build | Farm |
| 22:38 | Create | Villager (Male) |
| 22:39 | Create | Villager (Male) |
| 22:44 | Create | Villager (Male) |
| 22:44 | Create | Villager (Male) |
| 22:48 | Build | Farm |
| 22:58 | Build | House |
| 23:01 | Create | Villager (Male) |
| 23:12 | Create | Villager (Male) |
| 23:14 | Build | Farm |
| 23:15 | Create | Villager (Male) |
| 23:28 | Build | House |
Match timeline
| 8:50 | Scroll Lock · first_building Barracks |
| 8:53 | Spartacus · age_up feudal |
| 10:35 | Cenute (aoetm.eu) · age_up feudal |
| 10:38 | ALI · age_up feudal |
| 10:48 | 飛越集賢樓 · age_up feudal |
| 10:50 | Scroll Lock · age_up feudal |
| 10:52 | Scroll Lock · first_building Stable |
| 10:59 | Voskarius · age_up feudal |
| 11:08 | SEIYU · age_up feudal |
| 11:35 | Spartacus · wall_segment Palisade Wall x1 |
| 11:53 | Cenute (aoetm.eu) · first_market_buy 100 food |
| 11:56 | Cenute (aoetm.eu) · first_market_sell 100 wood |
| 12:20 | Cenute (aoetm.eu) · first_building Barracks |
| 12:36 | 精銳闇魔陰帝 · age_up feudal |
| 14:10 | Scroll Lock · first_building Archery Range |
| 14:32 | 飛越集賢樓 · age_up castle |
| 14:34 | Voskarius · age_up castle |
| 14:37 | ALI · age_up castle |
| 14:53 | Cenute (aoetm.eu) · age_up castle |
| 14:58 | Voskarius · first_market_sell 100 food |
| 15:00 | Voskarius · first_market_buy 100 stone |
| 15:05 | Cenute (aoetm.eu) · first_building Archery Range |
| 15:12 | SEIYU · age_up castle |
| 15:23 | ALI · first_building Siege Workshop |
| 15:27 | Voskarius · first_building Castle |
| 15:40 | 飛越集賢樓 · first_building Castle |
| 15:48 | ALI · first_market_sell 100 stone |
| 16:20 | ALI · first_market_buy 100 wood |
| 16:23 | 精銳闇魔陰帝 · age_up castle |
| 16:50 | Voskarius · wall_segment Stone Wall x6 |
| 16:57 | Voskarius · wall_segment Stone Wall x6 |
| 17:20 | Voskarius · wall_segment Stone Wall x4 |
| 17:36 | 精銳闇魔陰帝 · first_building Monastery |
| 17:57 | Voskarius · wall_segment Stone Wall x4 |
| 17:58 | Spartacus · first_building Barracks |
| 18:36 | Spartacus · first_building Siege Workshop |
| 19:17 | Scroll Lock · age_up castle |
| 19:19 | Voskarius · first_building Siege Workshop |
| 19:23 | Scroll Lock · first_building Castle |
| 19:31 | Spartacus · first_building Stable |
| 19:41 | Voskarius · wall_segment Stone Wall x2 |
| 19:44 | Voskarius · wall_segment Stone Wall x5 |
| 20:09 | Spartacus · age_up castle |
| 20:56 | SEIYU · first_building Monastery |
| 21:02 | Voskarius · first_building Monastery |
| 22:01 | 精銳闇魔陰帝 · first_building Castle |
| 22:50 | Cenute (aoetm.eu) · first_building Castle |
| 22:58 | 精銳闇魔陰帝 · age_up imperial |
| 23:01 | 飛越集賢樓 · first_building Barracks |
| 23:54 | Cenute (aoetm.eu) · wall_segment Stone Wall x5 |
| 24:12 | Cenute (aoetm.eu) · first_building Siege Workshop |
| 24:26 | Cenute (aoetm.eu) · wall_segment Stone Wall x6 |
| 24:34 | SEIYU · first_building Siege Workshop |
| 24:42 | SEIYU · first_building Barracks |
| 24:45 | 飛越集賢樓 · first_building Stable |
| 24:57 | Cenute (aoetm.eu) · wall_segment Stone Wall x4 |
| 27:02 | 飛越集賢樓 · first_market_buy 100 food |
| 27:31 | Cenute (aoetm.eu) · wall_segment Stone Wall x8 |
| 28:25 | 精銳闇魔陰帝 · first_building Barracks |
| 29:00 | Spartacus · first_building Monastery |
| 29:38 | Spartacus · first_market_buy 100 wood |
| 32:02 | 飛越集賢樓 · first_building Monastery |
| 33:55 | Cenute (aoetm.eu) · age_up imperial |
| 35:42 | Spartacus · first_market_sell 100 food |
| 37:03 | 精銳闇魔陰帝 · first_building Siege Workshop |
| 38:43 | Scroll Lock · first_market_sell 100 food |
| 39:39 | Spartacus · age_up imperial |
| 40:05 | 精銳闇魔陰帝 · first_market_sell 100 wood |
| 40:08 | 精銳闇魔陰帝 · first_market_buy 100 food |
| 40:59 | 精銳闇魔陰帝 · first_building Archery Range |
| 41:55 | 飛越集賢樓 · age_up imperial |
| 41:58 | Spartacus · first_building Castle |
| 42:16 | 飛越集賢樓 · resign |
| 42:28 | Voskarius · first_building Barracks |
[ AI ANALYSIS · 1 CREDIT ]
What really happened in this match?
Wolo.gg analyzes every decision: build order, eco, micro, common mistakes by bracket. Personalized analysis on WhatsApp or Discord in 30 seconds.
Civ guide
Italians
Perfil
Jugador #24378816